 Dungeon Crawl Stone Soup version 0.30-a0-782-ge64f9170bb (webtiles) character file.

Game seed: 4905110418294181787

101 mopl the Vexing (level 4, -6/24 HPs)
             Began as a Deep Elf Enchanter on Mar 13, 2023.
             Was an Initiate of Dithmenos.
             Mangled by an ogre (13 damage)
             ... on level 4 of the Dungeon.
             The game lasted 00:03:48 (2224 turns).

mopl the Vexing (Deep Elf Enchanter)                Turns: 2224, Time: 00:03:48

Health: -6/24      AC:  3    Str:  5    XL:     4   Next: 48%
Magic:  6/12       EV: 12    Int: 22    God:    Dithmenos [......]
Gold:   231        SH:  0    Dex: 15    Spells: 0/11 levels left

rFire   . . .      SeeInvis .    a - +2 dagger (drain)
rCold   . . .      Faith    .    (no shield)
rNeg    . . .      Spirit   .    i - +0 robe
rPois   .          Reflect  .    (no helmet)
rElec   .          Harm     .    (no cloak)
rCorr   .          Rampage  .    (no gloves)
Will    .....                    g - +0 pair of boots
Stlth   +++                      (no amulet)
HPRegen 0.24/turn                (no ring)
MPRegen 0.13/turn                (no ring)

@: very slightly contaminated, invisible
A: no striking features
a: Renounce Religion


You were on level 4 of the Dungeon.
You worshipped Dithmenos.
Dithmenos was noncommittal.
You visited 1 branch of the dungeon, and saw 4 of its levels.

You collected 231 gold pieces.

Inventory:

Hand Weapons
 a - a +2 dagger of draining (weapon)
 b - the +7 Throatcutter {drain, coup de grace}
   (You found it on level 2 of the Dungeon)
 k - a +2 war axe of flaming
Missiles
 m - 3 poisoned darts
 q - 6 javelins
 t - 4 atropa-tipped darts
Armour
 e - a +0 tower shield
 g - a +0 pair of boots (worn)
 i - a +0 robe (worn)
Wands
 w - a wand of flame (26)
Scrolls
 j - 3 scrolls of fear {unknown}
 l - 2 scrolls of identify {unknown}
 n - 2 scrolls of butterflies {unknown}
 p - a scroll of blinking {unknown}
 s - a scroll of immolation {unknown}
 u - 2 scrolls of poison {unknown}
 v - a scroll of amnesia {unknown}
Potions
 c - a potion of invisibility
 d - 3 potions of heal wounds {unknown}
 f - a potion of might {unknown}
 h - a potion of cancellation {unknown}
 o - 3 potions of mutation {unknown}
 r - a potion of flight {unknown}
Miscellaneous
 x - a piece from Xom's chessboard (15/15)


   Skills:
 + Level 2.3 Short Blades
 - Level 2.4 Dodging
 + Level 4.6 Stealth
 + Level 4.1 Spellcasting
 + Level 4.9 Hexes


You couldn't memorise any spells.
You knew the following spells:

 Your Spells              Type           Power      Damage    Failure   Level
a - Dazzling Flash        Conj/Hex       30%        N/A       12%         3
b - Ensorcelled Hibernat  Hex/Ice        30%        N/A       6%          2
c - Confusing Touch       Hex            26%        N/A       4%          3
d - Tukima's Dance        Hex            26%        N/A       4%          3

Your spell library contained the following spells:

 Spells                   Type           Power      Damage    Failure   Level
 Slow                     Hex            100%       N/A       1%          1
 Gell's Gravitas          Tloc           4%         N/A       32%         3
 Teleport Other           Tloc           4%         N/A       32%         3
 Vampiric Draining        Necr           4%         2d6       32%         3
 Dispersal                Tloc           2%         N/A       100%        6


Dungeon Overview and Level Annotations

Branches:
Dungeon (4/15)
 Temple: D:4-7

Altars:
Dithmenos
Wu Jian
Xom

Shops:
D:1 **


Message History

There is a shimmering altar of Xom here.
There is a stone staircase leading down here.
d - 3 smoky grey potions (gained 1) As you open the door, it creaks loudly!
A goblin comes into view. It is wielding a +0 club.
There is an open door here.
An ogre comes into view. It is wielding a +0 giant club.
The ogre moves out of view.
The goblin hits you with a +0 club.
You barely miss the goblin. The goblin hits you with a +0 club.
The ogre shouts!
You hit the goblin.
You kill the goblin!
Dithmenos accepts your kill.
Casting: Ensorcelled Hibernation (safe; 6% risk of failure)
Confirm with . or Enter, or press ? or * to list all spells.
The spell is quite dangerous to miscast (4% risk of failure)!
Continue anyway?
Okay, then.
Casting: Tukima's Dance (quite dangerous; 4% risk of failure)
Confirm with . or Enter, or press ? or * to list all spells.
The spell is quite dangerous to miscast (4% risk of failure)!
Continue anyway?
Aiming: Tukima's Dance (quite dangerous; 4% risk of failure)
Press: ? - help, Shift-Dir - straight line, f - ogre
Aim: an ogre, wielding a +0 giant club (chance to affect: 57%)
The +0 giant club dances into the air!
Unknown command.
There is an open door here.
You miscast Ensorcelled Hibernation.
You are very lightly contaminated with residual magic.
Nothing appears to happen.
The ogre looks drowsy...
There is an open door here.
The ogre attacks as you move away! The ogre hits you!
Ouch! That really hurt!
* * * LOW HITPOINT WARNING * * *
Okay, then.
You fade into invisibility!
The ogre hits you!
Ouch! That really hurt!
You die...

#........# .... ....
#...>....# ... .....
#........# ... ....
#........##########.# ..#
##.....<>.........#.##..##
#................#(.....#
#...b............#..)...#
+.................#......#
##........b.....@.#......#
#########.......O#'######
#...............#
#########.......#
#.......+ #.......#
+.......# #.......#
#.......#


You could see an ogre (unable to see you).

Vanquished Creatures
  An orc wizard (D:2)
  2 adders (D:2)
  A dart slug (D:3)
  5 orcs (D:2)
  6 ball pythons
  5 bats
  3 endoplasms
  2 giant cockroaches (D:2)
  8 goblins
  A hobgoblin (D:2)
  5 quokkas
  3 frilled lizards
  3 kobolds
  2 rats (D:3)
47 creatures vanquished.

Notes
Turn   | Place    | Note
-------+----------+-------------------------------------------
     0 | D:1      | mopl the Deep Elf Enchanter began the quest for the Orb.
     0 | D:1      | Reached XP level 1. HP: 10/10 MP: 6/6
   175 | D:1      | Found Gewk's General Store.
   199 | D:1      | You fall into a shaft and drop 1 floor!
   214 | D:2      | Reached XP level 2. HP: 15/15 MP: 8/8
   220 | D:2      | Learned a level 2 spell: Ensorcelled Hibernation
   283 | D:2      | Found the +7 Throatcutter {drain, coup de grace}
   406 | D:2      | Reached skill level 4 in Stealth
   459 | D:2      | Reached XP level 3. HP: 18/19 MP: 10/10
   463 | D:2      | Learned a level 3 spell: Confusing Touch
   467 | D:2      | Learned a level 3 spell: Tukima's Dance
   574 | D:2      | Reached skill level 2 in Short Blades
   599 | D:2      | Reached XP level 4. HP: 24/24 MP: 7/11
   764 | D:2      | Reached skill level 4 in Spellcasting
   897 | D:1      | Found Cippeosm's General Store.
  1215 | D:3      | Found an ornate altar of the Wu Jian Council.
  1449 | D:3      | Found a shadowy altar of Dithmenos.
  1456 | D:3      | Became a worshipper of Dithmenos the Shadowed
  2090 | D:4      | Learned a level 3 spell: Dazzling Flash
  2178 | D:4      | Found a shimmering altar of Xom.
  2209 | D:4      | Noticed an ogre
  2224 | D:4      | Mangled by an ogre

Illustrated notes

Levels and vault maps discovered:
D:1:      wander_arrival_peaceful_grave, layout_rooms, serial_shops,
          nicolae_shop_temple_entry_statues_fountains,
          nicolae_shop_advertising_works [nicolae_subvault_shop_adworks],
          minmay_pentomino_t2
D:2:      layout_loops_ring
D:3:      layout_basic, nicolae_overflow_crystal_walls,
          nzn_wu_jian_contemplation
D:4:      layout_gridville, xom_butterflies, overflow_temple_1_default,
          kennysheep_generic_room_2

Skill      XL: |  1  2  3  4 |
---------------+-------------+-----
Stealth        | 4 |  4.6
Short Blades   | 2 |  2.3
Spellcasting   | 4 |  4.1
Dodging        | |  2.4
Hexes          | |  4.9

Action                     |  1- 3 |  4- 6 || total
---------------------------+-------+-------++-------
  Melee: Dagger            |    41 |    36 ||    77
   Cast: Ensorcelled Hiber |     3 |     5 ||     8
         Tukima's Dance    |       |     1 ||     1
    Use: Potion            |       |     1 ||     1
   Stab: Sleeping          |     8 |    11 ||    19
         Distracted        |     1 |     1 ||     2
 Armour: Robe              |     6 |       ||     6
  Dodge: Dodged            |    15 |    19 ||    34

Table legend: (Time is in decaauts)
 A = Elapsed time spent in this place.
 B = Non-inter-level travel time spent in this place.
 C = Inter-level travel time spent in this place.
 D = Time resting spent in this place.
 E = Time spent auto-exploring this place.
 F = Levels seen in this place.
 G = Mean time per level.
                   A        B        C        D        E       F      G
               +--------+--------+--------+--------+--------+-----+--------+
         Total |   2215 |   2124 |     91 |     13 |   1681 |   4 |  553.8 |
       Dungeon |   2215 |   2124 |     91 |     13 |   1681 |   4 |  553.8 |
               +--------+--------+--------+--------+--------+-----+--------+

Top non-repeatable levels by time:
     D:3: 947 daAuts
     D:2: 664 daAuts
     D:1: 466 daAuts
     D:4: 138 daAuts
